 Dungeon Crawl Stone Soup version 0.20.0-10-g0535bb4 (webtiles) character file.

84582 ChaseSP the Bludgeoner (level 15, -10/150 HPs)
             Began as a Gargoyle Fighter on June 5, 2017.
             Was the Champion of Okawaru.
             Mangled by an orc knight
             ... wielding a +2 long sword of electrocution
              (18 damage)
             ... on level 2 of the Orcish Mines.
             The game lasted 00:50:09 (22046 turns).

ChaseSP the Bludgeoner (Gargoyle Fighter)          Turns: 22046, Time: 00:50:10

Health: -10/150    AC: 27    Str: 29    XL:     15   Next: 81%
Magic:  17/19      EV: 20    Int:  9    God:    Okawaru [******]
Gold:   2293       SH:  0    Dex: 14    Spells: 14/14 levels left

rFire    + . .     SeeInvis +   y - +3 great mace (pain)
rCold    . . .     Gourm    .   (shield currently unavailable)
rNeg     + . .     Faith    .   G - +1 ring mail {rF+}
rPois    ∞         Spirit   .   R - +1 helmet {SInv}
rElec    +         Reflect  .   X - scarf {repulsion}
rCorr    .         Harm     +   S - +1 pair of gloves {Str+3}
MR       ++...                  m - +1 pair of boots
Stlth    ..........             K - amulet of harm
Regen    0.4/turn               g - ring of protection from magic
MPRegen  0.2/turn               s - +5 ring of evasion

@: berserking, flying, repel missiles, very quick
A: big wings, negative energy resistance 1, electricity resistance, unbreathing,
petrification resistance, rot immunity, AC +11
a: Stop Flying, Heroism, Finesse, Renounce Religion


You were on level 2 of the Orcish Mines.
You worshipped Okawaru.
Okawaru was exalted by your worship.
You were hungry.

You visited 4 branches of the dungeon, and saw 22 of its levels.
You also visited: Sewer.

You collected 2293 gold pieces.

Inventory:

Hand Weapons
 y - a +3 great mace of pain (weapon)
 Z - the +4 arbalest "Gotsinepn" {penet, rN+++ Str-2 Int+9 Dex-2}
   (Okawaru gifted it to you on level 2 of the Orcish Mines)

   Ammo fired by it will pass through the targets it hits, potentially hitting
   all targets in its path until it reaches maximum range.
   It affects your strength (-2).
   It affects your intelligence (+9).
   It affects your dexterity (-2).
   It renders you almost immune to negative energy.
Missiles
 C - 170 bolts
Armour
 c - a +0 shield
 l - the +9 ring mail "Icuz" {-Cast Str+5}
   (You found it on level 4 of the Lair of Beasts)

   It affects your strength (+5).
   It prevents spellcasting.
 m - a +1 pair of boots (worn)
 G - a +1 ring mail of fire resistance (worn)
 O - a +3 chain mail
 R - a +1 helmet of see invisible (worn)
 S - a +1 pair of gloves of strength (worn)
 X - a scarf of repulsion (worn)
 Y - a +1 plate armour of cold resistance
Jewellery
 g - a ring of protection from magic (left hand)
 s - a +5 ring of evasion (right hand)
 I - the amulet "Milougeh" {Gourm rElec rPois Dex-4, unknown}
   (You found it on level 12 of the Dungeon)

   [amulet of the gourmand]

   It allows you to eat raw meat even when not hungry.
   It affects your dexterity (-4).
   It insulates you from electricity.
   It protects you from poison.
 J - an uncursed ring of ice
 K - an amulet of harm (around neck)
 L - an uncursed ring of protection from magic
Wands
 r - a wand of acid (0/15)
 M - a wand of digging (4/24)
 T - a wand of iceblast (14/15)
 V - a wand of iceblast (5/15)
 W - a wand of scattershot (0/9)
Scrolls
 a - 2 scrolls of amnesia
 d - 3 scrolls of random uselessness
 h - 3 scrolls of identify
 i - 2 scrolls of enchant weapon
 j - 6 scrolls of teleportation
 p - 3 scrolls of blinking
 t - 7 scrolls of enchant armour
 u - a scroll of recharging
 A - 5 scrolls of remove curse
 E - 3 scrolls of fog
 F - 2 scrolls of fear
 P - a scroll of torment {unknown}
 Q - 2 scrolls of magic mapping
Potions
 b - a potion of berserk rage
 e - 3 potions of brilliance
 o - 7 potions of flight
 v - a potion of heal wounds
 w - 2 potions of haste
 x - 2 potions of lignification
 B - 10 potions of curing
 H - a potion of agility
 N - a potion of magic
Comestibles
 f - 11 bread rations
 k - 20 royal jellies
 n - 10 fruits
 q - 6 meat rations


   Skills:
 + Level 14.2 Fighting
 * Level 17.0 Maces & Flails
 + Level 8.4 Crossbows
 + Level 11.9 Armour
 - Level 7.0 Dodging
 - Level 5.0 Shields
 - Level 5.5 Invocations


You had 14 spell levels left.
You didn't know any spells.

Dungeon Overview and Level Annotations

Branches:
Dungeon (13/15)            Temple (1/1) D:6            Lair (6/6) D:8
 Shoals (0/4) Lair:4        Snake (0/4) Lair:4        Slime (0/5) Lair:6
    Orc (2/2) D:11            Elf (0/3) Orc:2
 Vaults: D:13-14

Altars:
Ashenzari
Cheibriados
Dithmenos
Elyvilon
Gozag
Hepliaklqana
Kikubaaqudgha
Makhleb
Nemelex Xobeh
Okawaru
Qazlal
Sif Muna
Uskayaw
Vehumet
Xom
Yredelemnul
Zin
The Shining One
Jiyva

Shops:
D:5 :!   D:9 :   D:10 }   D:13 ?%   Orc:2 [

Portals:
Trove: D:10 (give 2 scrolls of acquirement)


Innate Abilities, Weirdness & Mutations

You are resistant to torment.
Your stone body is resilient. (AC +11)
You are immune to poison.
Your large and strong wings let you fly indefinitely.
You resist negative energy. (rN+)
You are resistant to electric shocks. (rElec)
You can survive without breathing.
You are immune to petrification.
You are immune to rotting.


Message History

The orc knight no longer looks unusually strong.
The orc warrior completely misses you.
You bludgeon the orc warrior!!
The orc warrior is severely wounded.
The orc warrior misses you.
The orc knight unwields an uncursed arbalest.
The orc knight wields an uncursed long sword of electrocution.
You hear the crackle of electricity.
The orc knight hits you but does no damage.
You closely miss the orc knight. You hit the orc knight.
The orc knight is lightly wounded.
The orc warrior completely misses you.
The orc warrior hits you from afar with a glaive!!
* * * LOW HITPOINT WARNING * * *
You sock the orc knight!
The orc knight is moderately wounded.
The orc warrior no longer looks unusually strong.
The orc knight hits you with an uncursed long sword of electrocution!
You die...

##........#....
#..............
.............#
^............# ............#
............# ######
............# ##.oo)#####
............# ##oo##.oo..##
.#......)...# #.@##ooo....#
............###)##o)o##.#.∩#
##.....)....##(.##..## # .#
..>...).....##.##...
........)...##.##...
............##.##...
............##.#####.
......................
............##.#####..


You could see an orc knight and 3 orc warriors.

Vanquished Creatures
  Rupert (D:12)
  Donald (Orc:2)
  Gastronok (Lair:3)
  2 entropy weavers (Lair:5)
  Azrael (Orc:2)
  The ghost of fantismo the Impaler, a journeyman MfSk of Cheibriados (D:13)
  Snorg (Orc:2)
  Fannar (Lair:1)
  Harold (Lair:2)
  7 hydras
  A centaur warrior (D:13)
  3 catoblepae (Lair:6)
  A queen ant (Lair:5)
  8 death yaks
  2 orc high priests (Orc:2)
  7 two-headed ogres
  7 skeletal warriors
  An unseen horror (D:13)
  3 orc knights (Orc:2)
  2 deep elf magi
  2 cyclopes
  6 orc sorcerers
  4 ugly things
  2 manticores (Lair:6)
  4 centaur zombies
  5 black mambas
  A gargoyle (D:12)
  5 spiny frogs
  7 komodo dragons
  A guardian mummy (D:10)
  A queen bee (Lair:5)
  4 trolls
  3 meliai (Lair:5)
  4 hornets
  A slime creature (Lair:6)
  18 blink frogs
  A meliai zombie (D:13)
  12 hippogriffs
  A shadow (D:11)
  Sigmund (D:4)
  A spriggan (D:9)
  42 yaks
  A wraith (D:10)
  3 wyverns
  2 basilisks (Lair:2)
  2 fire elementals
  Grum (Lair:1)
  A hungry ghost (D:7)
  4 vampire mosquitoes (D:12)
  3 nagas (Lair:4)
  10 water moccasins
  6 wargs
  An acid dragon (D:13)
  24 soldier ants (Lair:5)
  7 porcupines
  14 orc warriors
  6 ice beasts
  5 hell hounds
  4 black bears
  A necrophage (D:5)
  2 sky beasts
  12 ogres
  36 wolves
  6 centaurs
  12 crocodiles
  2 big kobolds
  Blork the orc (D:4)
  12 bullfrogs
  6 scorpions
  20 killer bees
  5 wights (D:12)
  7 electric eels
  A howler monkey (D:5)
  10 crimson imps
  A bullfrog zombie (D:13)
  A bullfrog skeleton (D:9)
  2 jellies
  23 orc wizards
  4 centaur skeletons
  18 orc priests
  8 hounds
  Ijyb (D:4)
  3 iguanas
  28 worker ants
  A worker ant zombie (D:7)
  10 gnolls
  2 river rats (D:5)
  10 adders
  2 shadow imps
  A white imp (D:6)
  An ooze (D:1)
  2 adder zombies
  3 adder skeletons
  3 worms
  A dart slug (D:2)
  11 leopard geckos
  82 orcs
  2 ball pythons
  3 bats
  3 giant cockroaches
  10 goblins
  7 hobgoblins
  2 jackals (Sewer)
  16 kobolds
  3 quokkas
  6 frilled lizards
  A leopard gecko skeleton (D:6)
  A quokka skeleton (D:7)
  16 rats
  A spectral orc (D:7)
694 creatures vanquished.

Vanquished Creatures (others)
  An orc wizard (D:7)
  13 fungi
  8 plants
22 creatures vanquished.

Grand Total: 716 creatures vanquished

Notes
Turn   | Place    | Note
-------+----------+-------------------------------------------
     0 | D:1      | ChaseSP the Gargoyle Fighter began the quest for the Orb.
     0 | D:1      | Reached XP level 1. HP: 14/14 MP: 1/1
   123 | D:1      | Reached XP level 2. HP: 18/19 MP: 2/2
   238 | D:1      | Reached skill level 3 in Maces & Flails
   456 | D:1      | Reached XP level 3. HP: 23/23 MP: 3/3
  1049 | D:2      | Reached skill level 4 in Maces & Flails
  1229 | D:2      | Reached XP level 4. HP: 27/28 MP: 4/4
  1501 | D:3      | Found a faded altar of an unknown god.
  1610 | D:3      | Reached skill level 5 in Maces & Flails
  1612 | D:3      | Reached XP level 5. HP: 32/32 MP: 5/5
  2144 | D:4      | Reached skill level 6 in Maces & Flails
  2262 | D:4      | Found a burning altar of Makhleb.
  2268 | D:4      | Reached XP level 6. HP: 27/37 MP: 6/6
  2436 | D:4      | Noticed Ijyb
  2445 | D:4      | Killed Ijyb
  2445 | D:4      | Reached skill level 7 in Maces & Flails
  2532 | D:4      | Noticed Sigmund
  2551 | D:4      | Killed Sigmund
  2551 | D:4      | Reached XP level 7. HP: 31/41 MP: 7/7
  2613 | D:4      | Reached skill level 8 in Maces & Flails
  2670 | D:4      | Noticed Blork the orc
  2681 | D:4      | Killed Blork the orc
  2976 | D:5      | Entered Level 5 of the Dungeon
  3028 | D:5      | Reached XP level 8. HP: 48/48 MP: 8/8
  3035 | D:5      | Reached skill level 9 in Maces & Flails
  3064 | D:5      | Found Fonolib's Distillery.
  3120 | D:5      | Found Xenyn's Book Boutique.
  3331 | D:5      | Found a glowing drain.
  3340 | Sewer    | Entered a sewer
  3441 | Sewer    | Reached skill level 5 in Fighting
  3479 | Sewer    | Found a white marble altar of Elyvilon.
  3604 | D:5      | Reached skill level 10 in Maces & Flails
  3777 | D:6      | Found a staircase to the Ecumenical Temple.
  3845 | Temple   | Entered the Ecumenical Temple
  3853 | Temple   | Became a worshipper of Warmaster Okawaru
  3897 | D:6      | Reached XP level 9. HP: 38/54 MP: 9/9
  3940 | D:6      | Found an ancient bone altar of Kikubaaqudgha.
  3954 | D:6      | Found a glowing silver altar of Zin.
  3954 | D:6      | Found a hide-covered altar of Uskayaw.
  4373 | D:6      | Reached skill level 11 in Maces & Flails
  4399 | D:6      | Reached skill level 5 in Armour
  4636 | D:6      | Reached * piety under Okawaru
  5441 | D:7      | Noticed a hornet
  5462 | D:7      | Killed a hornet
  5462 | D:7      | Reached skill level 12 in Maces & Flails
  5518 | D:7      | Reached ** piety under Okawaru
  5518 | D:7      | Reached XP level 10. HP: 28/59 MP: 10/10
  5878 | D:7      | Found a basalt altar of Yredelemnul.
  6046 | D:8      | Reached skill level 1 in Dodging
  6377 | D:8      | Found a staircase to the Lair.
  6378 | D:8      | Noticed a two-headed ogre
  6874 | D:8      | Killed a two-headed ogre
  6874 | D:8      | Reached *** piety under Okawaru
  6874 | D:8      | Reached skill level 13 in Maces & Flails
  7222 | D:9      | Noticed a two-headed ogre
  7223 | D:9      | Noticed a two-headed ogre
  7282 | D:9      | Killed a two-headed ogre
  7282 | D:9      | Received a gift from Okawaru
  7687 | D:9      | Found Diusol's Book Boutique.
  7820 | D:9      | Reached XP level 11. HP: 43/63 MP: 11/11
  7829 | D:9      | Reached **** piety under Okawaru
  8132 | D:9      | Found a hazy altar of Hepliaklqana.
  8211 | D:9      | Reached skill level 14 in Maces & Flails
  8262 | D:10     | Entered Level 10 of the Dungeon
  8262 | D:10     | Noticed a two-headed ogre
  8277 | D:10     | Killed a two-headed ogre
  8338 | D:10     | Noticed a two-headed ogre
  8344 | D:10     | Killed a two-headed ogre
  8401 | D:10     | Reached ***** piety under Okawaru
  8630 | D:10     | Noticed a two-headed ogre
  8635 | D:10     | Killed a two-headed ogre
  8635 | D:10     | Received a gift from Okawaru
  8635 | D:10     | Reached skill level 5 in Dodging
  8671 | D:10     | Found a portal to a secret trove of treasure.
  8838 | D:10     | Found a glowing golden altar of the Shining One.
  9047 | D:10     | Found Ynlenin's Gadget Boutique.
  9199 | D:11     | Reached skill level 15 in Maces & Flails
  9433 | D:11     | Reached XP level 12. HP: 26/72 MP: 12/12
  9882 | D:11     | Reached skill level 1 in Invocations
  9974 | D:11     | Noticed a two-headed ogre
  9985 | D:11     | Killed a two-headed ogre
 10196 | D:11     | Noticed a two-headed ogre
 10202 | D:11     | Killed a two-headed ogre
 10246 | D:11     | Found a staircase to the Orcish Mines.
 10379 | D:12     | Noticed Rupert
 10406 | Orc:1    | Entered Level 1 of the Orcish Mines
 10865 | Lair:1   | Entered Level 1 of the Lair of Beasts
 10904 | Lair:1   | Noticed Grum
 10925 | Lair:1   | Killed Grum
 11586 | Lair:1   | Noticed Fannar
 11597 | Lair:1   | Killed Fannar
 11597 | Lair:1   | Reached skill level 16 in Maces & Flails
 11768 | Lair:2   | Received a gift from Okawaru
 11933 | Lair:2   | Reached skill level 1 in Crossbows
 12072 | Lair:2   | Noticed an eight-headed hydra
 12085 | Lair:2   | Killed an eight-headed hydra
 12085 | Lair:2   | Reached XP level 13. HP: 44/80 MP: 14/16
 12413 | Lair:2   | Noticed Harold
 12433 | Lair:2   | Killed Harold
 12433 | Lair:2   | Reached skill level 5 in Invocations
 13203 | Lair:3   | Noticed Gastronok
 13221 | Lair:3   | Killed Gastronok
 13442 | Lair:3   | Reached skill level 5 in Shields
 13786 | Lair:3   | Reached skill level 10 in Fighting
 13970 | Lair:4   | Received a gift from Okawaru
 14207 | Lair:4   | Found a staircase to the Snake Pit.
 14551 | Lair:4   | Got a jewelled ring mail
 14562 | Lair:4   | Identified the +9 ring mail "Icuz" {-Cast Str+5} (You found it on level 4 of the Lair of Beasts)
 14589 | Lair:4   | Found a staircase to the Shoals.
 15301 | Lair:5   | Noticed an entropy weaver
 15384 | Lair:5   | Killed an entropy weaver
 15384 | Lair:5   | Received a gift from Okawaru
 15384 | Lair:5   | Reached skill level 5 in Crossbows
 15517 | Lair:5   | Received a gift from Okawaru
 15525 | Lair:5   | Noticed an entropy weaver
 15548 | Lair:5   | Killed an entropy weaver
 15548 | Lair:5   | Gained mutation: Your large and strong wings let you fly indefinitely. [Gargoyle growth]
 15548 | Lair:5   | Reached XP level 14. HP: 32/90 MP: 11/18
 15980 | Lair:5   | Reached skill level 10 in Armour
 16217 | Lair:5   | Received a gift from Okawaru
 16820 | Orc:2    | Entered Level 2 of the Orcish Mines
 16864 | Orc:1    | Reached ****** piety under Okawaru
 16864 | Orc:1    | Received a gift from Okawaru
 17376 | Orc:2    | Noticed Azrael
 17806 | Lair:6   | Entered Level 6 of the Lair of Beasts
 17900 | Lair:6   | Found a viscous altar of Jiyva.
 17900 | Lair:6   | Found a staircase to the Slime Pits.
 18783 | Lair:6   | Received a gift from Okawaru
 19340 | D:12     | Paralysed by Rupert for 6 turns
 19352 | D:12     | Killed Rupert
 19352 | D:12     | Reached XP level 15. HP: 92/99 MP: 12/19
 20069 | D:12     | Got a flickering garnet amulet
 20361 | D:13     | Found Sivod's Magic Scroll Shoppe.
 20524 | D:13     | Found Rihim's Food Shoppe.
 20571 | D:13     | Noticed fantismo's ghost (journeyman MfSk)
 20579 | D:13     | Killed fantismo's ghost
 21121 | D:13     | Received a gift from Okawaru
 21576 | Orc:2    | Killed Azrael
 21654 | Orc:2    | Noticed Donald
 21667 | Orc:2    | Killed Donald
 21667 | Orc:2    | Received a gift from Okawaru
 21671 | Orc:2    | Got a brightly glowing arbalest {god gift}
 21672 | Orc:2    | Identified the +4 arbalest "Gotsinepn" {penet, rN+++ Str-2 Int+9 Dex-2} (Okawaru gifted it to you on level 2 of the Orcish Mines)
 21713 | Orc:2    | Found a staircase to the Elven Halls.
 21758 | Orc:2    | Noticed Snorg
 21770 | Orc:2    | Killed Snorg
 21984 | Orc:2    | Found Widok's Armour Shoppe.
 21996 | Orc:2    | Reached skill level 17 in Maces & Flails
 22046 | Orc:2    | Mangled by an orc knight

Skill      XL: |  1  2  3  4  5  6  7  8  9 10 11 12 13 14 15 |
---------------+----------------------------------------------+-----
Maces & Flails | 3 4 5 6 7 8 10 12 13 15 16 17 | 17.0
Fighting       | 5 7 8 11 13 14 | 14.2
Armour         | 4 6 7 8 9 11 | 11.9
Dodging        | 3 5 6 7 |  7.0
Invocations    | 4 5 |  5.5
Crossbows      | 1 5 7 8 |  8.4
Shields        | 5 |  5.0

Action                   |  1- 3 |  4- 6 |  7- 9 | 10-12 | 13-15 || total
-------------------------+-------+-------+-------+-------+-------++-------
Melee: Flail             |   138 |   259 |    44 |       |       ||   441
       Morningstar       |       |       |   457 |   952 |   970 ||  2379
       Great mace        |       |       |       |       |   376 ||   376
 Fire: Arbalest          |       |       |       |       |     1 ||     1
Invok: Heroism           |       |       |       |    11 |    17 ||    28
       Finesse           |       |       |       |     1 |     7 ||     8
 Abil: Fly               |       |       |       |       |     1 ||     1
Evoke: Wand              |       |       |       |     3 |     6 ||     9
  Use: Scroll            |     7 |       |     1 |     5 |    16 ||    29
       Potion            |       |     2 |     3 |       |     3 ||     8
  Eat: Chunk             |     1 |     5 |    10 |    20 |    23 ||    59
       Fruit             |       |       |     2 |       |    12 ||    14
       Bread ration      |       |       |     1 |       |       ||     1
Armor: Scale mail        |    49 |       |       |   108 |       ||   157
       Chain mail        |    16 |   148 |   315 |   310 |       ||   789
       Plate armour      |       |       |     3 |       |   226 ||   229
       Skin              |       |       |       |     1 |       ||     1
       Ring mail         |       |       |       |       |   326 ||   326
Dodge: Dodged            |    43 |    48 |    77 |   232 |   747 ||  1147
       Deflected         |       |       |       |       |     2 ||     2
Block: Shield            |    62 |   121 |   183 |   412 |   501 ||  1279
